 Dungeon Crawl Stone Soup version 0.14-a0-1637-gd423c14 (webtiles) character file.

657 PolkaDot the Vexing (level 6, -4/41 HPs)
             Began as a Vampire Enchanter on Dec 26, 2013.
             Was an Initiate of Ashenzari.
             Killed from afar by an orc wizard (9 damage)
             ... with a magic dart
             ... on Level 5 of the Dungeon.
             The game lasted 00:16:53 (3505 turns).

PolkaDot the Vexing (Vampire Enchanter)             Turns: 3505, Time: 00:16:53

HP  -4/41        AC  3     Str  7      XL: 6   Next: 78%
MP   0/10        EV 12     Int 17      God: Ashenzari [......]
Gold 198         SH  9     Dex 16      Spells:  2 memorised,  5 levels left

rFire  . . .     SeeInvis +     r - +0 cutlass (curse)
rCold  . . .     Clarity  .     s - +1 robe {rN+} (curse)
rNeg   + . .     Conserve .     i - +2 orc buckler (curse)
rPois  .         rCorr    .     (no helmet)
rElec  .         rRot     .     (no cloak)
SustAb . .       Spirit   +     (no gloves)
rMut   .         Warding  .     (no boots)
Saprov . . .     Stasis   .     q - cursed amulet of guardian spirit
                                (no ring)
                                (no ring)

@: regenerating quickly, slightly resistant to hostile enchantments, very
stealthy
A: bottle blood, fangs 3, see invisible, unbreathing
a: Bottle Blood, Renounce Religion


You were on level 5 of the Dungeon.
You worshipped Ashenzari.
Ashenzari was noncommittal.
You were full.

You visited 2 branches of the dungeon, and saw 7 of its levels.

You collected 198 gold pieces.

Inventory:

Hand weapons
 a - a +1,+1 dagger
 r - a cursed +0,+0 cutlass (weapon)
Missiles
 d - 12 darts (quivered)
Armour
 i - a cursed +2 orcish buckler (worn)
 s - a cursed +1 robe of positive energy (worn)
Magical devices
 e - a wand of polymorph (13) {unknown}
Scrolls
 b - 3 scrolls of fog {unknown}
 g - 2 scrolls of fear
 j - 3 scrolls of remove curse
 l - a scroll of teleportation
 m - a scroll of random uselessness {unknown}
 n - 2 scrolls of amnesia
 o - a scroll of enchant weapon I {unknown}
 t - a scroll of recharging {unknown}
Jewellery
 q - a cursed amulet of guardian spirit (around neck)
 u - an uncursed amulet of stasis
Potions
 f - 2 potions of curing
 h - a potion of lignification
 k - a potion of brilliance
 p - a potion of mutation {!q}
Books
 c - a book of Maledictions

   Spells                             Type                      Level
   *Corona                            Hexes                        1
   Sure Blade                         Hexes/Charms                 2
   Ensorcelled Hibernation            Hexes/Ice                    2
   *Confuse                           Hexes                        3
   Enslavement                        Hexes                        4
   Invisibility                       Hexes                        6


   Skills:
 - Level 4.2 Short Blades
 - Level 0.7 Throwing
 - Level 2.1 Dodging
 + Level 7.1 Stealth
 - Level 2.0 Spellcasting
 * Level 7.5 Hexes


You had 5 spell levels left.
You knew the following spells:

 Your Spells              Type           Power        Failure   Level  Hunger
a - Corona                Hex            ####...      1%          1    #......
c - Confuse               Hex            ####....     3%          3    ####...


Dungeon Overview and Level Annotations

Branches:
Dungeon (6/16)             Temple (1/1) D:4

Altars:
Ashenzari
Cheibriados
Fedhas
Kikubaaqudgha
Nemelex Xobeh
Okawaru
Sif Muna
Trog
Vehumet
Xom
Yredelemnul
Zin
the Shining One

Annotations:
D:4 Pikel; wojtek's ghost, average TeGl
D:5 Prince Ribbit


Innate Abilities, Weirdness & Mutations

Your natural rate of healing is unusually fast.
You can bottle blood from corpses.
You have razor-sharp teeth.*
You have supernaturally acute eyesight.
You can survive without breathing.*


Message History

You closely miss the orc wizard. The orc wizard closely misses you.
The orc wizard gestures at you while chanting.
The magic dart hits you!
* * * LOW MAGIC WARNING * * *;
* * * LOW HITPOINT WARNING * * *
You hit the orc wizard. You bite the orc wizard.
The orc wizard is heavily wounded.
The orc wizard barely misses you.
You hit the orc wizard.
The orc wizard is heavily wounded.
The orc wizard points at you and mumbles some strange words.
The magic dart hits you!
* * * LOW MAGIC WARNING * * *;
* * * LOW HITPOINT WARNING * * *
The orc wizard closely misses you.
You hit the orc wizard.
The orc wizard is heavily wounded.
You feel yourself speed up. The orc wizard casts a spell at you.
The magic dart hits you!
* * * LOW MAGIC WARNING * * *
You die...

....................>.....c....).
#.....##############...##########
#.##### #o..# ..# #...# ###
######...# ##### #...##...# #...#
#.#......#
######.#.######.####...#
.##....#......#.@..#.###
.##.#########.###o<#.# ....#
#..)...#.# ##### ######...# #####


You could see an orc wizard.

Vanquished Creatures
  2 ogres
  2 crimson imps
  A hound (D:4)
  A worker ant (D:6)
  A hound zombie (D:5)
  A spectral human (D:5)
  A worker ant zombie (D:6)
  2 adders (D:2)
  3 gnolls (D:3)
  2 worms
  3 oozes
  5 orcs
  8 bats
  5 giant cockroaches
  6 hobgoblins
  8 jackals
  A ball python (D:3)
  A giant gecko (D:1)
  4 giant newts
  9 goblins
  A jackal skeleton (D:6)
  5 kobolds
  9 rats
  A rat skeleton (D:5)
82 creatures vanquished.

Notes
Turn   | Place    | Note
--------------------------------------------------------------
     0 | D:1      | PolkaDot, the Vampire Enchanter, began the quest for the Orb.
     0 | D:1      | Reached XP level 1. HP: 13/13 MP: 3/3
   155 | D:1      | Reached XP level 2. HP: 19/19 MP: 4/4
   804 | D:2      | Reached XP level 3. HP: 22/24 MP: 6/6
   917 | D:2      | Reached skill level 5 in Hexes
  1177 | D:2      | Learned a level 3 spell: Confuse
  1385 | D:2      | Reached XP level 4. HP: 30/30 MP: 3/7
  1899 | D:3      | Reached XP level 5. HP: 35/35 MP: 5/9
  2026 | D:3      | Reached skill level 6 in Hexes
  2164 | D:4      | Noticed an ogre
  2219 | D:4      | Noticed wojtek's ghost (average TeGl)
  2224 | D:4      | Killed an ogre
  2224 | D:4      | Reached skill level 5 in Stealth
  2242 | D:4      | Noticed a slave
  2243 | D:4      | Noticed a slave
  2243 | D:4      | Noticed a slave
  2244 | D:4      | Noticed Pikel
  2247 | D:4      | Noticed a slave
  2254 | D:4      | Found a staircase to the Ecumenical Temple.
  2264 | Temple   | Entered the Ecumenical Temple
  2453 | Temple   | Became a worshipper of Ashenzari the Shackled
  2569 | D:4      | Reached XP level 6. HP: 23/41 MP: 4/10
  2808 | D:5      | Entered Level 5 of the Dungeon
  2947 | D:5      | Reached skill level 7 in Stealth
  2966 | D:5      | Found a basalt altar of Yredelemnul.
  3086 | D:5      | Noticed Prince Ribbit
  3164 | D:4      | Noticed an orc warrior
  3505 | D:5      | Killed from afar by an orc wizard

Action                   |  1- 3 |  4- 6 || total
-------------------------+-------+-------++-------
Melee: Dagger            |   170 |     7 ||   177
       Cutlass           |       |   188 ||   188
Throw: Dart              |       |     2 ||     2
 Cast: Corona            |     8 |     7 ||    15
       Confuse           |     1 |     8 ||     9
  Use: Scroll            |       |    16 ||    16
       Potion            |       |     5 ||     5
 Stab: Sleeping          |     8 |    11 ||    19
       Confused          |       |     2 ||     2
